[Event "Team 45 45 League T95"]
[Site "Internet Chess Club"]
[Date "2023.01.27"]
[Round "3"]
[White "tightfist"]
[Black "nosir"]
[Result "1/2-1/2"]
[WhiteElo "1371"]
[BlackElo "1533"]
[Opening "Réti opening"]
[ECO "A04"]
[Time "15:00:29"]
[PlyCount "102"]
[TimeControl "2700+45"]

1. Nf3 d6 2. d4 Nf6 3. c4 Nbd7 4. Nc3 c6 5. g3 e5 6. dxe5 dxe5 7. Qc2 Qc7 8. Bg2
Be7 9. O-O O-O 10. b3 a6 11. Bb2 b5 12. Rac1 Bb7 13. Ne4 h6 14. Nfd2 Rac8 15.
Rfd1 Rfe8 16. c5 Nxe4 17. Nxe4 Nf6 18. Nd6 Bxd6 19. Rxd6 Qe7 20. e4 Rcd8 21.
Rcd1 Rxd6 22. Rxd6 Nd7 23. b4 f6 24. Bh3 Nf8 25. Qd2 Bc8 26. Bxc8 Rxc8 27. Kg2
Ne6 28. Rd7 Rd8 29. Rxd8+ Qxd8 30. Qxd8+ Nxd8 31. Kf3 Kf7 32. h4 h5 33. Ke3 Ke6
34. f3 Nf7 35. a3 g6 36. Kd3 Nh6 37. Bc1 Nf7 38. Bd2 g5 39. Be3 gxh4 40. gxh4
Nh8 41. f4 exf4 42. Bxf4 Ng6 43. Bg3 Ne5+ 44. Bxe5 Kxe5 45. Ke3 f5 46. exf5 Kxf5
47. Kf3 Ke5 48. Ke3 Kf5 49. Kf3 Ke5 50. Ke3 Kf5 51. Kf3 Ke5 {Game drawn by
repetition} 1/2-1/2

[Event "Team 45 45 League T95"]
[Site "Internet Chess Club"]
[Date "2023.01.29"]
[Round "3"]
[White "g8wrb"]
[Black "kingphisch"]
[Result "1-0"]
[WhiteElo "1314"]
[BlackElo "1301"]
[Opening "Caro-Kann defense"]
[ECO "B10"]
[Time "15:04:57"]
[PlyCount "81"]
[TimeControl "2700+45"]

1. e4 c6 2. c3 d5 3. exd5 cxd5 4. d4 e6 5. Nf3 Nc6 6. Bd3 Nf6 7. Bg5 Be7 8. O-O
h6 9. Bf4 O-O 10. Nbd2 Re8 11. Re1 a6 12. Qb3 Na5 13. Qc2 Bd7 14. Ne5 Rc8 15.
Re3 Nc6 16. Qd1 Rf8 17. Qf3 Nxe5 18. dxe5 Ne8 19. Qg4 f5 20. exf6 Nxf6 21. Qe2
Qe8 22. Nf3 Bc5 23. Nd4 Qh5 24. Qxh5 Nxh5 25. Be5 Nf4 26. Rg3 g5 27. Rd1 Bxd4
28. Bxd4 Nxd3 29. Rdxd3 Rf4 30. Be5 Rf5 31. Rge3 Rcf8 32. f3 g4 33. Bd6 gxf3 34.
Bxf8 f2+ 35. Kf1 Bb5 36. Bxh6 Bxd3+ 37. Rxd3 Rf6 38. Be3 Kf7 39. Bxf2 Ke7 40.
Ke2 Kd7 41. Rf3 {Black resigns} 1-0

[Event "Team 45 45 League T95"]
[Site "Internet Chess Club"]
[Date "2023.01.29"]
[Round "3"]
[White "Gojira"]
[Black "ElValero"]
[Result "1/2-1/2"]
[WhiteElo "1590"]
[BlackElo "1666"]
[Opening "Queen's pawn: Chigorin variation"]
[ECO "D00"]
[Time "15:00:51"]
[PlyCount "131"]
[TimeControl "2700+45"]

1. d4 d5 2. Nc3 Nf6 3. Bf4 Bf5 4. f3 c5 5. dxc5 d4 6. e4 Bc8 7. Nb5 Na6 8. Qxd4
Qxd4 9. Nxd4 Nxc5 10. Nb5 Na6 11. O-O-O Bd7 12. Bd3 g6 13. Ne2 Bg7 14. Be5 O-O
15. a3 Nc5 16. Nc7 Rac8 17. Bc4 Bc6 18. Nd5 Nxd5 19. Bxg7 Kxg7 20. Bxd5 Ba4 21.
Nc3 e6 22. Nxa4 Nxa4 23. Bb3 Nc5 24. Ba2 Rc7 25. Rd2 Rfc8 26. Rhd1 b5 27. b4 Na4
28. Bb3 Nc3 29. Re1 h5 30. Re3 Rc6 31. Kb2 a6 32. Rdd3 Na4+ 33. Bxa4 bxa4 34. c3
h4 35. Rd4 g5 36. h3 Kf6 37. Red3 R8c7 38. Rd6 Ke5 39. Rxc6 Rxc6 40. Kc2 Kf4 41.
Rd7 f5 42. exf5 exf5 43. Rd4+ Kg3 44. Rd2 g4 45. fxg4 fxg4 46. hxg4 Kxg4 47. Kd3
Kg3 48. c4 Rd6+ 49. Kc3 Rxd2 50. Kxd2 Kxg2 51. b5 axb5 52. cxb5 h3 53. b6 h2 54.
b7 h1=Q 55. b8=Q Qh6+ 56. Kc2 Qc6+ 57. Kb2 Qf6+ 58. Ka2 Qe6+ 59. Ka1 Qe1+ 60.
Qb1 Qxb1+ 61. Kxb1 Kf3 62. Kc2 Ke4 63. Kc3 Kd5 64. Kb4 Kc6 65. Kxa4 Kb7 66. Kb5
{Game drawn by mutual agreement} 1/2-1/2

[Event "Team 45 45 League T95"]
[Site "Internet Chess Club"]
[Date "2023.01.29"]
[Round "3"]
[White "julesraider"]
[Black "BlueStorm"]
[Result "1-0"]
[WhiteElo "1655"]
[BlackElo "1490"]
[Opening "Queen's gambit accepted"]
[ECO "D20"]
[Time "16:00:25"]
[PlyCount "103"]
[TimeControl "2700+45"]

1. d4 d5 2. c4 dxc4 3. Nc3 e5 4. Nf3 Nc6 5. e3 Bg4 6. a3 exd4 7. exd4 Bxf3 8.
gxf3 Qxd4 9. Be3 Qxd1+ 10. Rxd1 Bd6 11. Bxc4 Ne5 12. Be2 a6 13. f4 Ng6 14. Rg1
N8e7 15. Ne4 O-O-O 16. Nxd6+ Rxd6 17. Rxd6 cxd6 18. Bf3 Re8 19. Kd2 Nc6 20. Bg4+
Kb8 21. b4 Nge7 22. Kd3 f5 23. Bf3 g6 24. h4 Nc8 25. h5 N6e7 26. hxg6 Nxg6 27.
Rh1 Re7 28. a4 Na7 29. Rb1 Nc6 30. b5 axb5 31. Rxb5 Nd8 32. Rb6 Nh4 33. Bd5 h5
34. Rxd6 Kc7 35. Rh6 Rd7 36. Kc4 Nf7 37. Rxh5 Nd6+ 38. Kd4 Ne8 39. Rxh4 Nf6 40.
Ke5 Nxd5 41. Kxf5 Nxe3+ 42. fxe3 Rd5+ 43. Ke6 Rd6+ 44. Ke5 Ra6 45. f5 Ra5+ 46.
Ke6 Ra6+ 47. Ke7 Ra5 48. Rc4+ Kb6 49. Re4 Kc7 50. f6 Rh5 51. f7 Rh7 52. Ke8
{Black resigns} 1-0

[Event "Team 45 45 League T95"]
[Site "Internet Chess Club"]
[Date "2023.01.26"]
[Round "3"]
[White "Rookmaster"]
[Black "mongmong"]
[Result "1-0"]
[WhiteElo "1601"]
[BlackElo "1485"]
[Opening "French: King's Indian attack"]
[ECO "C00"]
[Time "20:30:32"]
[PlyCount "91"]
[TimeControl "2700+45"]

1. e4 e6 2. d3 d5 3. Nd2 Nf6 4. Ngf3 b6 5. c3 Be7 6. e5 Nfd7 7. d4 c5 8. Bd3 Ba6
9. Bxa6 Nxa6 10. O-O O-O 11. Re1 cxd4 12. cxd4 Qc8 13. a3 Qb7 14. Nf1 Rac8 15.
Bd2 Nab8 16. Ne3 Rc6 17. Qb3 Rfc8 18. Rec1 b5 19. Qd3 Rxc1+ 20. Rxc1 Rxc1+ 21.
Bxc1 a6 22. b4 Nb6 23. h4 Qc7 24. Qc2 Qxc2 25. Nxc2 Nc4 26. g3 Nd7 27. Nd2 Ndb6
28. Nb3 Na4 29. Kf1 Nc3 30. Nc5 a5 31. bxa5 Nxa5 32. Bd2 Ne4 33. Bxa5 Bxc5 34.
dxc5 Nxc5 35. Nd4 Nd3 36. f4 f6 37. Nxe6 fxe5 38. fxe5 Nxe5 39. Nc7 d4 40. Nxb5
d3 41. Bc3 Nc4 42. Ke1 Kf7 43. a4 g6 44. a5 Ke6 45. a6 Nb6 46. Ba5 {Black
resigns} 1-0

[Event "Team 45 45 League T95"]
[Site "Internet Chess Club"]
[Date "2023.01.29"]
[Round "3"]
[White "Gilguli"]
[Black "CMAlge"]
[Result "1-0"]
[WhiteElo "1428"]
[BlackElo "1338"]
[Opening "Caro-Kann defense"]
[ECO "B11"]
[Time "14:49:25"]
[PlyCount "79"]
[TimeControl "2700+45"]

1. e4 c6 2. Nc3 d5 3. e5 Bf5 4. g3 e6 5. f4 c5 6. Bg2 Nc6 7. Nf3 c4 8. O-O Bc5+
9. Kh1 h6 10. Ne2 Nge7 11. d4 cxd3 12. cxd3 O-O 13. d4 Bb6 14. h3 Nb4 15. g4 Bh7
16. Be3 Ng6 17. a3 Nc6 18. f5 Nh4 19. Qd2 exf5 20. Nxh4 Qxh4 21. gxf5 g5 22. Bf2
Qh5 23. Ng3 Qh4 24. Ne4 Qf4 25. Nf6+ Kh8 26. Qxf4 gxf4 27. Nxh7 Kxh7 28. Rad1
Rad8 29. Bh4 Rd7 30. Rxf4 Bd8 31. f6 Bc7 32. Bf3 Re8 33. Rg1 Nxe5 34. dxe5 Bxe5
35. Rg7+ Kh8 36. Rf5 Bxf6 37. Bxf6 Rd6 38. Rxf7+ Kg8 39. Rg7+ Kh8 40. Re7+
{Black resigns} 1-0

[Event "Team 45 45 League T95"]
[Site "Internet Chess Club"]
[Date "2023.01.27"]
[Round "3"]
[White "mongmong"]
[Black "clarinetref"]
[Result "1/2-1/2"]
[WhiteElo "1484"]
[BlackElo "1455"]
[Opening "Queen's pawn game"]
[ECO "D05"]
[Time "20:04:07"]
[PlyCount "144"]
[TimeControl "2700+45"]

1. d4 Nf6 2. Nf3 e6 3. e3 d5 4. Bd3 b6 5. Nbd2 Ba6 6. c4 dxc4 7. Nxc4 Qd7 8. Qe2
Bb4+ 9. Bd2 Bxd2+ 10. Nfxd2 O-O 11. O-O Nd5 12. Ne5 Bxd3 13. Nxd3 Nc6 14. a3 f5
15. Nf3 Nf6 16. Nde5 Nxe5 17. Nxe5 Qd6 18. Rfc1 c5 19. Nc4 Qe7 20. dxc5 Qxc5 21.
Nd2 Qe7 22. Rc2 Rfc8 23. Rac1 Qd7 24. Nf3 Rxc2 25. Qxc2 Qd6 26. h3 Ne4 27. Qc6
Rd8 28. Nd4 Kf7 29. Qxd6 Rxd6 30. Rc7+ Kf6 31. Rxa7 e5 32. Nf3 Rd1+ 33. Kh2 Nxf2
34. Rc7 Rh1+ 35. Kg3 Ne4+ 36. Kh4 Rd1 37. Rc6+ Rd6 38. Rxd6+ Nxd6 39. Nd2 h6 40.
Kg3 g5 41. Kf3 e4+ 42. Ke2 b5 43. Nb3 Ke5 44. Nd4 Kd5 45. b3 h5 46. Nc2 f4 47.
Kf2 Nb7 48. Nd4 Nd6 49. Ne2 fxe3+ 50. Kxe3 Nf5+ 51. Kf2 e3+ 52. Kf3 Nh4+ 53.
Kxe3 Nxg2+ 54. Kf3 Ne1+ 55. Kf2 Nc2 56. Nc3+ Kc5 57. Ne4+ Kd4 58. Nxg5 Nxa3 59.
Kg3 Kc3 60. Ne6 Kxb3 61. Nd4+ Kc4 62. Nxb5 Nxb5 63. Kh4 Kd5 64. Kxh5 Ke6 65. Kg6
Nd4 66. h4 Nf5 67. h5 Ne7+ 68. Kg7 Nf5+ 69. Kg6 Ne7+ 70. Kg5 Kf7 71. h6 Kg8 72.
Kf6 Kh7 {Game drawn by mutual agreement} 1/2-1/2

[Event "Team 45 45 League T95"]
[Site "Internet Chess Club"]
[Date "2023.01.29"]
[Round "3"]
[White "herrahuu"]
[Black "olivermx"]
[Result "1-0"]
[WhiteElo "1485"]
[BlackElo "1325"]
[Opening "Scotch: Mieses variation"]
[ECO "C45"]
[Time "10:01:00"]
[PlyCount "37"]
[TimeControl "2700+45"]

1. e4 e5 2. Nf3 Nc6 3. d4 exd4 4. Nxd4 Nf6 5. Nxc6 bxc6 6. e5 Qe7 7. Qe2 Nd5 8.
c4 Ba6 9. b3 O-O-O 10. Ba3 Qe6 11. cxd5 Bxe2 12. dxe6 Bxf1 13. exd7+ Rxd7 14.
Rxf1 Rd5 15. f4 Bxa3 16. Nxa3 Rhd8 17. Nc4 Rd4 18. Ke2 Re8 19. Rad1 {Black
resigns} 1-0

[Event "Team 45 45 League T95"]
[Site "Internet Chess Club"]
[Date "2023.01.27"]
[Round "3"]
[White "pandaknight"]
[Black "thundercat1"]
[Result "1-0"]
[WhiteElo "1195"]
[BlackElo "1027"]
[Opening "English: symmetrical variation"]
[ECO "A30"]
[Time "23:02:07"]
[PlyCount "97"]
[TimeControl "2700+45"]

1. c4 c5 2. Nf3 Nc6 3. d4 d6 4. dxc5 Qa5+ 5. Nc3 Qxc5 6. e4 Bg4 7. Be3 Qa5 8. a3
g6 9. b4 Qc7 10. Be2 Bg7 11. Nd4 Nf6 12. Rc1 O-O 13. Nxc6 bxc6 14. Bxg4 h5 15.
Bf3 e5 16. O-O Rad8 17. Qd2 Kh7 18. Rfd1 Ne8 19. c5 a6 20. cxd6 Nxd6 21. Nd5 Qd7
22. Nb6 Qe7 23. Bc5 Qe6 24. Bxd6 Rfe8 25. Rxc6 Bf8 26. Bxf8 Qxc6 27. Nd5 Rxf8
28. Qc1 Qxc1 29. Rxc1 Rd6 30. Be2 Ra8 31. Rc7 Kg7 32. Bc4 a5 33. b5 Rad8 34. a4
h4 35. Kf1 g5 36. Ke2 g4 37. b6 Rxb6 38. Nxb6 Rd4 39. Rxf7+ Kg6 40. f3 Rxc4 41.
Nxc4 Kxf7 42. Nxa5 Kf6 43. Nc4 Kg5 44. Nxe5 Kf4 45. Nxg4 Kg5 46. a5 Kf4 47. a6
h3 48. g3+ Kg5 49. a7 {Black resigns} 1-0

[Event "Team 45 45 League T95"]
[Site "Internet Chess Club"]
[Date "2023.01.30"]
[Round "3"]
[White "oldbookseller"]
[Black "NATYNL09"]
[Result "0-1"]
[WhiteElo "915"]
[BlackElo "1086"]
[Opening "Queen's pawn game, Chigorin variation"]
[ECO "D02"]
[Time "15:01:24"]
[PlyCount "72"]
[TimeControl "2700+45"]

1. d4 d5 2. Nf3 Nc6 3. e3 Bg4 4. Nbd2 e6 5. b3 Bb4 6. Be2 Nf6 7. O-O O-O 8. Bd3
Ne4 9. Nxe4 dxe4 10. Bxe4 f5 11. Bd3 e5 12. Bc4+ Kh8 13. h3 Bh5 14. Bb2 e4 15.
d5 Na5 16. Qd4 Qf6 17. Ne5 Rad8 18. g4 c5 19. Qd1 Qg5 20. d6 fxg4 21. Nxg4 Rf3
22. Be6 Qh4 23. d7 Qxh3 24. Bxg7+ Kxg7 25. Qd6 Nc6 26. Bf5 Rxf5 27. Qh6+ Kf7 28.
Qxh7+ Ke6 29. Qh6+ Kxd7 30. Rad1+ Kc8 31. Qe6+ Kc7 32. Qxf5 Bxg4 33. Qf7+ Kc8
34. Qc4 Bf3 35. Rxd8+ Nxd8 36. Qg8 Qh1# {White checkmated} 0-1

[Event "Team 45 45 League T95"]
[Site "Internet Chess Club"]
[Date "2023.01.25"]
[Round "3"]
[White "tightfist"]
[Black "ChessMaine"]
[Result "0-1"]
[WhiteElo "1364"]
[BlackElo "1425"]
[Opening "Réti: Nimzovich-Larsen attack"]
[ECO "A06"]
[Time "20:30:47"]
[PlyCount "68"]
[TimeControl "2700+45"]

1. Nf3 d5 2. b3 c5 3. e3 Bg4 4. Bb2 Nf6 5. Be2 e6 6. O-O Nbd7 7. c4 Bd6 8. d4
dxc4 9. dxc5 Nxc5 10. Bxc4 O-O 11. Nbd2 Qe7 12. h3 Bh5 13. Qc2 Rac8 14. Nd4 a6
15. Qb1 Bg6 16. Qd1 Rfd8 17. Kh1 b5 18. Be2 Nd3 19. Bxd3 Bxd3 20. Rg1 Bb4 21.
Rc1 Bg6 22. Rc6 Ne4 23. Rxc8 Nxf2+ 24. Kh2 Nxd1 25. Rxd8+ Qxd8 26. Rxd1 Bxd2 27.
Rxd2 Qb6 28. Nxe6 fxe6 29. Bd4 Qc7+ 30. Kg1 Qc1+ 31. Kh2 Qxd2 32. a3 Be4 33. Kg3
Qxg2+ 34. Kf4 Qf3+ {White resigns} 0-1

[Event "Team 45 45 League T95"]
[Site "Internet Chess Club"]
[Date "2023.01.26"]
[Round "3"]
[White "Denis240964"]
[Black "Kingofknights"]
[Result "0-1"]
[WhiteElo "1311"]
[BlackElo "1495"]
[Opening "Polish (Sokolsky) opening"]
[ECO "A00"]
[Time "11:30:23"]
[PlyCount "46"]
[TimeControl "2700+45"]

1. b4 d5 2. Bb2 Nf6 3. Nf3 Bf5 4. d4 e6 5. c3 Bd6 6. e3 a6 7. Be2 c6 8. O-O Nbd7
9. a3 b5 10. h3 Ne4 11. g4 Bg6 12. Bd3 Qf6 13. Kg2 O-O-O 14. Qc2 h5 15. Nbd2
hxg4 16. hxg4 Nxd2 17. Qxd2 Be4 18. Bxe4 dxe4 19. Ne5 Nxe5 20. Qe2 Nf3 21. Rh1
Qg5 22. Rxh8 Qxg4+ 23. Kf1 Qg1# {White checkmated} 0-1

[Event "Team 45 45 League T95"]
[Site "Internet Chess Club"]
[Date "2023.01.28"]
[Round "3"]
[White "tamky70"]
[Black "WzeroMN"]
[Result "1-0"]
[WhiteElo "1258"]
[BlackElo "943"]
[Opening "QGD: 3...Nf6"]
[ECO "D35"]
[Time "15:01:17"]
[PlyCount "55"]
[TimeControl "2700+45"]

1. d4 d5 2. c4 Nf6 3. Nc3 e6 4. g3 c5 5. Nf3 Be7 6. Bg2 O-O 7. O-O Nc6 8. e3 b6
9. b3 Bb7 10. Bb2 Ba6 11. Nd2 cxd4 12. exd4 dxc4 13. Bxc6 cxb3 14. Bb5 Bxb5 15.
Nxb5 a6 16. Na3 bxa2 17. Rxa2 b5 18. Ra1 Rb8 19. Nc2 a5 20. Ne3 Qd6 21. Rxa5 Qb4
22. Ra7 Qxb2 23. Rxe7 Qxd4 24. Nf3 Qxd1 25. Rxd1 Rbd8 26. Rb7 Rxd1+ 27. Nxd1 Rd8
28. Nb2 {Black resigns} 1-0